 Dungeon Crawl Stone Soup version 0.21-a0-538-gd16b88a (webtiles) character file.

9 Alarkh the Grave Robber (level 2, 19/19 HPs)
             Began as a Demonspawn Necromancer on Dec 16, 2017.
             Got out of the dungeon alive.
             The game lasted 00:00:27 (602 turns).

Alarkh the Grave Robber (Demonspawn Necromancer)     Turns: 602, Time: 00:00:28

Health: 19/19      AC:  2    Str:  8    XL:     2   Next: 3%
Magic:  5/5        EV: 12    Int: 16    God:
Gold:   2          SH:  0    Dex: 13    Spells: 4/5 levels left

rFire    . . .     SeeInvis .   e - +0 dagger
rCold    + . .     Gourm    .   (no shield)
rNeg     . . .     Faith    .   a - +0 robe
rPois    .         Spirit   .   (no helmet)
rElec    .         Reflect  .   (no cloak)
rCorr    .         Harm     .   (no gloves)
MR       .....                  (no boots)
Stlth    ++........             (no amulet)
HPRegen  0.06/turn              (no ring)
MPRegen  0.09/turn              (no ring)

@: no status effects
A: cold resistance 1
a: no special abilities


You escaped.
You were not hungry.

You visited 1 branch of the dungeon, and saw 1 of its levels.

You collected 2 gold pieces.

Inventory:

Hand Weapons
 e - a +0 dagger (weapon)
Armour
 a - a +0 robe (worn)
Scrolls
 g - a scroll of random uselessness {unknown}
 h - a scroll of remove curse {unknown}
 i - a scroll of teleportation {unknown}
Potions
 j - 2 potions of degeneration {unknown}
Books
 b - a book of Necromancy

   Spells                             Type                      Level
   a - Pain                           Necromancy                   1
   b - Animate Skeleton               Necromancy                   1
   c - Vampiric Draining              Necromancy                   3
   d - Regeneration                   Charms/Necromancy            3
   e - Animate Dead                   Necromancy                   4
   f - Control Undead                 Necromancy                   4
Comestibles
 c - a bread ration
 d - a royal jelly
 f - a chunk of flesh


   Skills:
 - Level 1.7 Dodging
 - Level 1.7 Stealth
 + Level 2.3 Spellcasting
 + Level 4.6 Necromancy


You had 4 spell levels left.
You knew the following spells:

 Your Spells              Type           Power        Failure   Level  Hunger
a - Pain                  Necr           ###.         3%          1    #......


Dungeon Overview and Level Annotations

Branches:
Dungeon (1/15)

Altars:


Innate Abilities, Weirdness & Mutations

Your flesh is cold resistant. (rC+)


Message History

Aim: a hobgoblin, wielding a club (chance to defeat MR: 87%)
The hobgoblin writhes in agony!
Casting: Pain
Confirm with . or Enter, or press ? or * to list all spells.
Aiming: Pain
Press: ? - help, Shift-Dir - straight line, f/p - hobgoblin
Aim: a hobgoblin, wielding a club (almost dead, chance to defeat MR: 87%)
The hobgoblin writhes in agony!
You kill the hobgoblin!
You have reached level 2!
Your demonic ancestry asserts itself...
You feel resistant to cold.
Things that are here:
a club; a hobgoblin corpse; a frilled lizard corpse
There is an open door here.
There is an open door here.
Found a short sword.
There is a staircase leading out of the dungeon here.
Are you sure you want to leave the Dungeon?
This will make you lose the game!
You have escaped!

##P≈≈≈≈≈≈≈≈≈P## ...P≈≈≈≈≈≈≈P...
#..P≈≈≈≈≈P..##. ###...P≈≈≈P......
#......P≈P.....# ..#
#......P......# ... )
##............# #.#
.###......@......# #.#
#.##............## #.# ###
#..#......P.....# #.# ..#
#.#.#....P≈P....# #.# #.#
#.###...P≈≈≈P...## ##.# #.#
#.#.#..P≈≈≈≈≈P...## ##..##
..#####.....P≈≈≈≈≈≈≈P...####.....
...........P≈≈≈≈≈≈≈≈≈P..'...÷...#
.######....###########.>####...##


There were no monsters in sight!

Vanquished Creatures
  A ball python (D:1)
  A giant cockroach (D:1)
  A hobgoblin (D:1)
  2 kobolds (D:1)
  2 frilled lizards (D:1)
  2 rats (D:1)
9 creatures vanquished.

Notes
Turn   | Place    | Note
-------+----------+-------------------------------------------
     0 | D:1      | Alarkh the Demonspawn Necromancer began the quest for the Orb.
     0 | D:1      | Reached XP level 1. HP: 13/13 MP: 3/3
   492 | D:1      | Gained mutation: Your flesh is cold resistant. (rC+) [demonic ancestry]
   492 | D:1      | Reached XP level 2. HP: 18/19 MP: 1/5
   602 | D:$      | Got out of the dungeon alive.

Vault maps used:
D:1:      eino_arrival_druids_welcome, xom_teletrap_fun

Action                   || total
-------------------------++-------
Melee: Dagger            ||     7
 Cast: Pain              ||    13
Armor: Robe              ||     2
Dodge: Dodged            ||     6

Table legend:
 A = Spawn XP
 B = Non-spawn XP
 C = Spawn XP percentage of total XP
 D = Spawn monster count
 E = Non-spawn monster count
 F = Spawn count percentage of total count
 G = Total turns spent on level
                    A         B        C        D         E        F      G
               +---------+---------+-------+---------+---------+-------+---------
         Total |       0 |      13 |   0.0 |       0 |       9 |   0.0 |   602
               +---------+---------+-------+---------+---------+-------+---------
           D:1 |       0 |      13 |   0.0 |       0 |       9 |   0.0 |   602
               +---------+---------+-------+---------+---------+-------+---------
